 Dungeon Crawl Stone Soup version 0.28-a0-1347-g113dc556a4 (webtiles) character file.

Game seed: 9935609172535646895

596 tilp the Cudgeller (level 7, -4/59 HPs)
             Began as a Pale Draconian Cinder Acolyte on Dec 29, 2021.
             Was a High Priest of Ignis.
             Killed by divine providence
             ... invoked by an orc priest
              (12 damage)
             ... on level 4 of the Dungeon.
             The game lasted 00:08:06 (4332 turns).

tilp the Cudgeller (Pale Draconian Cinder Acolyte)  Turns: 4332, Time: 00:08:07

Health: -4/59      AC:  9    Str: 16    XL:     7   Next: 17%
Magic:  1/8        EV: 11    Int: 25    God:    Ignis [*****.]
Gold:   85         SH:  0    Dex:  7    Spells: 6/8 levels left

rFire   + . .      SeeInvis .   b - +2 mace (vorpal)
rCold   . . .      Faith    .   (no shield)
rNeg    . . .      Spirit   .   (armour unavailable)
rPois   .          Reflect  .   (helmet restricted)
rElec   +          Harm     .   (no cloak)
rCorr   .          Rampage  .   k - +0 pair of gloves of the Playwright {Int+9}
Will    .....                   j - +1 pair of boots
Stlth   ++........              m - amulet of the Air {Inacc Air Fly rElec RMsl}
HPRegen 0.19/turn               (no ring)
MPRegen 0.11/turn               (no ring)

@: flying, repel missiles
A: breathe steam, AC +6, unfitting armour, cold-blooded, steam resistance
a: Breathe Steam, Renounce Religion, Fiery Armour, Foxfire Swarm, Rising Flame


You were on level 4 of the Dungeon.
You worshipped Ignis.
Ignis was extremely pleased with you.
You visited 1 branch of the dungeon, and saw 7 of its levels.

You collected 157 gold pieces.
You spent 72 gold pieces at shops.

Inventory:

Hand Weapons
 a - a -1 mace of freezing
 b - a +2 vorpal mace (weapon)
 e - a +0 flail
 r - a +0 whip of venom
Missiles
 i - 4 boomerangs (quivered)
 l - 77 stones
 o - 2 throwing nets
Armour
 j - a +1 pair of boots (worn)
 k - the +0 pair of gloves of the Playwright (worn) {Int+9}
   (You found it on level 2 of the Dungeon)

   Int:       It affects your intelligence (+9).
Magical Staves
 c - a staff of cold
 q - a staff of fire
Jewellery
 m - the amulet of the Air (around neck) {Inacc Air Fly rElec RMsl}
   (You found it on level 3 of the Dungeon)

   [amulet of nothing]

   It reduces the accuracy of all your attacks.
   It enhances your air magic.
   rElec:     It insulates you from electricity.
   Fly:       It grants you flight.
   RMsl:      It protects you from missiles.
Wands
 g - a wand of charming (18)
Scrolls
 h - 2 scrolls of teleportation
Potions
 d - 3 potions of flight
 f - 2 potions of haste
 p - a potion of ambrosia


   Skills:
 - Level 4.0 Fighting
 - Level 6.0 Maces & Flails
 - Level 2.0 Dodging
 - Level 2.0 Stealth
 - Level 1.0 Spellcasting
 + Level 3.5 Fire Magic
 - Level 4.0 Evocations


You had 6 spell levels left.
You knew the following spells:

 Your Spells              Type           Power      Damage    Failure   Level
a - Scorch                Fire           38%        2d7       4%          2

Your spell library contained the following spells:

 Spells                   Type           Power      Damage    Failure   Level
 Ensorcelled Hibernation  Hex/Ice        2%         N/A       19%         2
 Passwall                 Tmut/Erth      0%         N/A       19%         2
 Ignite Poison            Fire/Tmut/Pois 7%         N/A       22%         3
 Mephitic Cloud           Conj/Pois/Air  1%         N/A       36%         3
 Spider Form              Tmut/Pois      1%         N/A       36%         3
 Swiftness                Air            1%         N/A       36%         3
 Tukima's Dance           Hex            1%         N/A       36%         3
 Alistair's Intoxication  Tmut/Pois      0%         N/A       98%         5
 Borgnjor's Vile Clutch   Necr/Erth      0%         N/A       98%         5
 Freezing Cloud           Conj/Ice/Air   0%         6-21      98%         5
 Eringya's Noxious Bog    Tmut/Pois      0%         N/A       100%        6
 Enfeeble                 Hex            0%         N/A       100%        7


Dungeon Overview and Level Annotations

Branches:
Dungeon (7/15)             Temple (0/1) D:4

Altars:

Shops:
D:3 *

Annotations:
D:3 1 runed translucent door, Crazy Yiuf, Natasha
D:4 Pikel
D:5 fire vault


Innate Abilities, Weirdness & Mutations

You can breathe blasts of scalding, opaque steam.
Your pale cyan-grey scales are hard. (AC +6)
You cannot fit into any form of body armour.
You are cold-blooded and may be slowed by cold attacks.
You are immune to the effects of steam.


Message History

An orc is nearby!
An orc is nearby!
Items here: )) [[ ††.
An orc priest comes into view. It is wielding a +0 dagger.
The orc priest shouts!
You start resting.
An orc priest is nearby!
You start resting.
An orc priest is nearby!
Casting: Scorch (safe; 4% risk of failure)
Confirm with . or Enter, or press ? or * to list all spells.
Flames lash the orc priest.
The orc priest is lightly wounded.
The orc priest's fire resistance burns away.
Unknown command.
Casting: Scorch (safe; 4% risk of failure)
Confirm with . or Enter, or press ? or * to list all spells.
Flames lash the orc priest but do no damage.
Unknown command.
You hit the orc priest but do no damage.
The orc priest is lightly wounded.
The orc priest is no longer more vulnerable to fire.
The orc priest hits you with a +0 dagger.
* * * LOW HITPOINT WARNING * * *
You barely miss the orc priest.
The orc priest is lightly wounded.
The orc priest mumbles some strange prayers to Beogh against you.
Pain shoots through your body!
* * * LOW HITPOINT WARNING * * *
You closely miss the orc priest.
The orc priest is lightly wounded.
The orc priest hits you but does no damage.
You closely miss the orc priest. You tail-slap the orc priest.
The orc priest is moderately wounded.
The orc priest calls down the wrath of Beogh upon you.
Beogh smites you!
* * * LOW HITPOINT WARNING * * *
The orc priest calls down the wrath of Beogh upon you.
Beogh smites you!
You die...

#... ##... ##..#.
##....# #..####
######### #.....#
#.......#####.#..#.
#..o.....##........
##)@###.......####..
#...#.#.....###.....
#.###.###o####......
#)#..:..#.# #..[....
#.###.###.# #.......
#...'.#...# #.......
##.)###..## #.......
##....... ####...#


You could see an orc priest.

Vanquished Creatures
  An ogre (D:4)
  2 lemures (D:4)
  2 scorpions
  A bullfrog zombie (D:5)
  2 hounds
  An iguana (D:5)
  Natasha (D:3)
  2 orc wizards (D:4)
  A howler monkey skeleton (D:7)
  7 gnolls
  4 adders
  4 dart slugs
  3 orcs
  4 ball pythons
  3 bats
  7 endoplasms
  4 giant cockroaches
  7 goblins
  8 hobgoblins
  2 jackals (D:4)
  6 quokkas
  3 frilled lizards
  8 kobolds
  4 rats
87 creatures vanquished.

Notes
Turn   | Place    | Note
-------+----------+-------------------------------------------
     0 | D:1      | tilp the Draconian Cinder Acolyte began the quest for the
                  | Orb.
     0 | D:1      | Reached XP level 1. HP: 19/19 MP: 2/2
   234 | D:1      | Reached XP level 2. HP: 26/26 MP: 3/3
   237 | D:1      | Learned a level 2 spell: Scorch
   336 | D:1      | Found a faded altar of an unknown god.
   866 | D:2      | Reached skill level 4 in Maces & Flails
   969 | D:2      | Reached XP level 3. HP: 31/31 MP: 0/4
  1226 | D:2      | Reached XP level 4. HP: 33/38 MP: 0/5
  1333 | D:2      | Reached skill level 5 in Maces & Flails
  1631 | D:2      | Identified the +0 pair of gloves of the Playwright {Int+9}
  1766 | D:3      | Noticed Natasha
  1775 | D:3      | Killed Natasha
  1776 | D:3      | Reached XP level 5. HP: 44/45 MP: 2/6
  1973 | D:3      | Found Zeotinecsu's General Store.
  1977 | D:3      | Bought a scroll of teleportation for 36 gold pieces
  1977 | D:3      | Bought a scroll of noise for 12 gold pieces
  1977 | D:3      | Bought a scroll of identify for 24 gold pieces
  2003 | D:3      | Reached skill level 6 in Maces & Flails
  2131 | D:3      | Reached skill level 1 in Stealth
  2198 | D:3      | Found the amulet of the Air {Inacc Air Fly rElec RMsl}
  2547 | D:3      | Found a runed translucent door.
  2548 | D:3      | Noticed Crazy Yiuf
  2548 | D:3      | Noticed Natasha
  2702 | D:3      | Reached skill level 1 in Dodging
  2960 | D:4      | Noticed an ogre
  2970 | D:4      | Killed an ogre
  2971 | D:4      | Reached XP level 6. HP: 16/52 MP: 0/7
  3212 | D:4      | Found a staircase to the Ecumenical Temple.
  3418 | D:4      | Noticed Pikel
  3562 | D:4      | You fall into a shaft and drop 3 floors!
  3705 | D:5      | Entered Level 5 of the Dungeon
  3715 | D:5      | Reached skill level 1 in Evocations
  4300 | D:4      | Your scales start taking on a pale cyan-grey colour.
  4300 | D:4      | Reached XP level 7. HP: 12/59 MP: 1/8
  4300 | D:4      | Gained mutation: You are immune to the effects of steam.
                  | [Pale Draconian growth]
  4332 | D:4      | Killed from afar by an orc priest

Illustrated notes

Levels and vault maps discovered:
D:1:      beargit_arrival_greenhouse, layout_basic,
          chequers_ecumenical_altar_grove
D:2:      layout_basic, minmay_indecisive_spiral
D:3:      layout_basic, serial_shops, nicolae_shop_behind_doors,
          grunt_decor_fettered, serial_bayou_lagoon_a, minmay_fractal_squares_5,
          uniq_natasha, uniq_crazy_yiuf_cottage
D:4:      layout_rooms, minmay_temple_entry_arrows,
          minmay_a_box_with_orc_wizards_in_it, uniq_pikel, uniq_blork_the_orc
D:5:      wad_pebble_path, layout_basic, roderic_serpentine_path,
          lemuel_flame_loot_1, uniq_ijyb
D:6:      layout_loops_cross
D:7:      layout_basic

Skill      XL: |  1  2  3  4  5  6 |
---------------+-------------------+-----
Maces & Flails | 4 5 6 |  6.0
Stealth        | 2 |  2.0
Dodging        | 1 2 |  2.0
Fighting       | 4 |  4.0
Evocations     | 4 |  4.0
Spellcasting   | |  1.0
Fire Magic     | |  3.5

Action                   |  1- 3 |  4- 6 |  7- 9 || total
-------------------------+-------+-------+-------++-------
Melee: Mace              |    44 |   122 |     8 ||   174
       Tailslap          |     1 |     7 |     1 ||     9
Throw: Boomerang         |       |     4 |       ||     4
 Cast: Scorch            |    14 |    46 |     2 ||    62
  Use: Scroll            |     2 |     5 |     1 ||     8
       Potion            |       |     2 |     1 ||     3
Armor: Skin              |    17 |    44 |     4 ||    65
Dodge: Dodged            |    22 |    69 |       ||    91

Table legend: (Time is in decaauts)
 A = Elapsed time spent in this place.
 B = Non-inter-level travel time spent in this place.
 C = Inter-level travel time spent in this place.
 D = Time resting spent in this place.
 E = Time spent auto-exploring this place.
 F = Levels seen in this place.
 G = Mean time per level.
                   A        B        C        D        E       F      G
               +--------+--------+--------+--------+--------+-----+--------+
         Total |   4361 |   4236 |    125 |    616 |   2643 |   7 |  623.0 |
       Dungeon |   4361 |   4236 |    125 |    616 |   2643 |   7 |  623.0 |
               +--------+--------+--------+--------+--------+-----+--------+

Top non-repeatable levels by time:
     D:3: 1355 daAuts
     D:1: 883 daAuts
     D:2: 865 daAuts
     D:4: 580 daAuts
     D:5: 533 daAuts
     D:7: 94 daAuts
     D:6: 47 daAuts
